Map: Jagannatha LE

Players

Maru - Winner!

  • Race: Terran Terran
  • Spawn Location: 7:00

ByuN

  • Race: Terran Terran
  • Spawn Location: 1:00

Event: IEM Katowice 2021

VOD

Have the link to the VOD?

Description

Time

  • Played on: Feb. 22, 2021, 8:34 a.m.
  • Length: 17:26

All games in this series

Show
View Real Time Build Order
Export as new Build Order

Maru Terran - Winner!

Build Orders:  

Get SALT Encoding   

  12  0:00  SCV  
  13  0:12  SCV  
  14  0:18  Supply Depot  
  14  0:24  SCV  
  15  0:40  SCV  
  15  0:42  Barracks  
  16  0:44  Refinery  
  16  0:52  SCV  
  16  0:53  Refinery  
  17  1:04  SCV  
  18  1:16  SCV  
  19  1:29  Reaper, Orbital Command  
  19  1:31  Supply Depot  
  20  1:41  Factory  
  20  1:54  SCV  
  21  2:02  Barracks Reactor  
  21  2:07  SCV  
  22  2:19  SCV  
  22  2:31  SCV  
  23  2:37  Command Center  
  23  2:40  Starport  
  23  2:43  SCV  
  24  2:44  Hellion  
  24  2:45  Hellion  
  24  2:51  Supply Depot  
  28  2:55  SCV  
  28  2:57  Barracks Tech Lab  
  29  3:07  SCV  
  34  3:13  Hellion x2  
  34  3:17  Medivac  
  36  3:22  Supply Depot  
  36  3:25  SCV  
  37  3:37  SCV  
  38  3:43  Marine x2  
  38  3:44  Cyclone  
  43  3:49  Starport Tech Lab, SCV  
  43  3:54  Orbital Command  
  44  4:01  SCV  
  45  4:07  Raven  
  45  4:08  Marine x2  
  48  4:14  SCV  
  48  4:17  Refinery  
  49  4:20  Siege Tank  
  49  4:22  SCV  
  53  4:26  SCV  
  48  4:34  SCV  
  48  4:38  SCV  
  46  4:39  Marine x2  
  48  4:46  SCV  
  48  4:48  Command Center  
  48  4:50  Raven  
  51  4:57  Marine x2  
  51  4:59  Refinery  
  53  5:00  SCV  
  53  5:01  SCV  
  53  5:05  Siege Tank  
  58  5:11  Supply Depot  
  58  5:12  SCV  
  59  5:15  Marine x2  
  59  5:17  SCV  
  61  5:24  SCV  
  62  5:32  Supply Depot  
  62  5:33  SCV  
  63  5:37  SCV, Siege Tank  
  67  5:47  Viking  
  69  5:50  Viking  
  69  5:54  SCV x2  
  72  5:59  Stimpack, Barracks, Marine  
  72  6:00  Barracks  
  72  6:03  Orbital Command  
  73  6:08  SCV x2  
  75  6:13  Siege Tank  
  78  6:20  Engineering Bay  
  78  6:22  Engineering Bay  
  78  6:25  Viking  
  80  6:30  SCV x2  
  82  6:35  SCV  
  82  6:36  Supply Depot  
  83  6:40  Marine  
  83  6:42  SCV, Viking  
  86  6:49  Siege Tank  
  86  6:54  Terran Infantry Weapons Level 1, Terran Infantry Armor Level 1, Barracks Reactor x2  
  89  7:00  SCV x2  
  91  7:01  Supply Depot  
  91  7:03  Supply Depot, Viking  
  91  7:07  Orbital Command  
  93  7:13  Marine  
  94  7:21  Siege Tank  
  94  7:22  SCV x2  
  98  7:23  Barracks  
  98  7:24  Orbital Command  
  97  7:34  SCV x2  
  97  7:36  Marine x3  
  97  7:37  Medivac x2, Marine  
  103  7:42  Supply Depot  
  103  7:44  Barracks  
  108  7:46  SCV x2  
  110  7:51  SCV  
  110  7:57  Marine x2, Combat Shield  
  110  7:58  SCV x2  
  114  8:03  SCV, Missile Turret  
  114  8:05  Missile Turret  
  115  8:06  Sensor Tower  
  115  8:10  SCV x2, Viking  
  119  8:14  Siege Tank  
  119  8:15  SCV  
  123  8:20  Armory  
  123  8:21  Supply Depot  
  123  8:22  SCV x2  
  123  8:24  Refinery  
  123  8:25  Refinery  
  125  8:31  Marine x3  
  125  8:34  Barracks Reactor  
  125  8:35  Barracks Reactor  
  125  8:39  Missile Turret  
  124  8:41  SCV  
  124  8:42  SCV  
  124  8:46  Supply Depot x2  
  125  8:54  Medivac x2  
  125  8:55  Marine  
  129  8:57  Marine x4  
  131  9:09  Command Center  
  128  9:16  Terran Infantry Armor Level 2, Terran Infantry Weapons Level 2  
  126  9:21  Marine x4  
  130  9:31  Marine  
  130  9:32  Marine x3  
  130  9:33  Siege Tank  
  130  9:37  Factory  
  137  9:39  Marine  
  137  9:40  Marine  
  137  9:41  Marine x2  
  137  9:43  Barracks Reactor  
  141  9:45  Supply Depot x2  
  141  9:46  Supply Depot  
  141  9:55  Marine  
  141  9:56  Marine x2  
  141  10:00  Terran Vehicle Weapons Level 1  
  141  10:07  Marine x5, Siege Tank  
  141  10:10  Supply Depot  
  141  10:13  Marine  
  150  10:16  Marine x2  
  150  10:22  Marine x2  
  150  10:24  Marine  
  150  10:25  Siege Tank  
  150  10:26  Medivac x2  
  150  10:27  SCV x2  
  150  10:28  SCV  
  163  10:29  Supply Depot  
  163  10:39  SCV  
  163  10:41  SCV  
  163  10:42  Siege Tank  
  168  10:44  Starport  
  168  10:46  Starport  
  168  10:47  Marine x5  
  173  10:58  Marine x2  
  173  10:59  Marine, Siege Tank  
  173  11:00  Viking  
  173  11:01  Viking  
  183  11:05  Planetary Fortress  
  183  11:14  Siege Tank  
  183  11:17  Missile Turret  
  180  11:26  Marine x3  
  180  11:31  Starport Tech Lab x2  
  183  11:33  Viking x2  
  187  11:42  Command Center  
  187  11:43  Terran Infantry Weapons Level 3, Sensor Tower  
  187  11:47  Marine  
  187  11:48  Marine x6  
  194  11:54  Raven  
  196  12:01  Raven  
  196  12:06  Marine x3  
  196  12:07  Marine x7  
  187  12:19  Medivac x2  
  186  12:28  Command Center  
  184  12:32  Terran Infantry Armor Level 3  
  184  12:35  Marine, Refinery  
  184  12:36  Marine x6, Refinery  
  184  12:37  Raven  
  191  12:43  Corvid Reactor  
  193  12:55  Command Center  
  193  13:01  Orbital Command  
  193  13:04  Marine, Siege Tank x2  
  199  13:25  Marine  
  198  13:36  Marine x2  
  200  13:47  Marine  
  191  13:52  Raven x2  
  191  13:53  Viking x2  
  191  13:55  Starport  
  198  13:56  Starport  
  198  13:59  Terran Vehicle Weapons Level 2  
  198  14:02  Armory  
  194  14:12  Marine  
  194  14:16  Marine x6  
  174  14:23  Medivac x2  
  175  14:25  Marine x3, Siege Tank  
  175  14:26  Orbital Command  
  175  14:27  Orbital Command  
  175  14:30  Marine  
  182  14:32  Command Center  
  182  14:34  Marine x2  
  182  14:35  Raven x2  
  182  14:38  Marine x3  
  184  14:41  Marine  
  184  14:42  Marine, Siege Tank  
  184  14:43  Marine  
  176  14:52  Liberator  
  176  14:54  Marine  
  176  14:56  Medivac  
  176  14:57  Siege Tank  
  176  14:58  Marine x2  
  187  15:11  Marine x2  
  188  15:15  Starport Tech Lab  
  188  15:17  Terran Vehicle And Ship Armor Level 1  
  188  15:18  Raven, Neosteel Armor, Hi-Sec Auto Tracking  
  188  15:20  Starport Tech Lab  
  190  15:33  Marine  
  190  15:34  Marine x4, Siege Tank  
  174  15:37  Marine  
  174  15:42  Raven x2  
  176  15:43  Raven  
  176  15:44  Marine x4  
  182  15:59  Marine x3  
  182  16:03  Raven  
  182  16:04  Marine x5  
  192  16:13  Orbital Command  
  192  16:14  Orbital Command  
  192  16:15  Marine x2  
  192  16:17  Marine x3, Siege Tank  
  200  16:21  Command Center  
  200  16:23  Command Center  
  191  16:40  Marine x2  
  191  16:46  Orbital Command  
  186  16:55  Marine x4  
  186  17:00  Marine x4  
Show
View Real Time Build Order
Export as new Build Order

ByuN Terran 

Build Orders:  

Get SALT Encoding   

  12  0:00  SCV  
  13  0:12  SCV  
  14  0:17  Supply Depot  
  14  0:24  SCV  
  15  0:38  SCV  
  15  0:40  Barracks  
  16  0:43  Refinery  
  16  0:50  SCV  
  16  0:53  Refinery  
  17  1:02  SCV  
  18  1:15  SCV  
  19  1:26  Reaper  
  19  1:27  Supply Depot, Orbital Command  
  20  1:41  Factory  
  20  1:52  SCV  
  21  1:58  Reaper  
  22  2:04  SCV  
  23  2:16  SCV  
  23  2:20  Command Center  
  24  2:26  Hellion  
  24  2:28  SCV  
  27  2:31  Barracks Reactor  
  27  2:40  SCV  
  27  2:46  Starport  
  27  2:50  Widow Mine  
  29  2:52  Supply Depot  
  29  2:54  SCV  
  30  3:07  Marine  
  30  3:11  Factory Tech Lab  
  31  3:13  SCV, Marine  
  33  3:24  Medivac  
  33  3:26  SCV  
  37  3:31  Cyclone  
  37  3:32  Marine  
  37  3:33  Marine  
  41  3:36  Orbital Command  
  41  3:39  SCV  
  42  3:47  Refinery  
  42  3:51  SCV  
  42  3:54  Marine x2  
  45  3:56  Starport Tech Lab, Supply Depot  
  45  4:01  SCV  
  46  4:03  SCV  
  46  4:08  Siege Tank  
  50  4:14  SCV  
  50  4:15  SCV  
  52  4:17  Supply Depot  
  49  4:26  SCV  
  49  4:27  SCV  
  45  4:34  Raven  
  47  4:38  Marine x2  
  47  4:41  Siege Tank  
  47  4:44  SCV  
  47  4:45  SCV  
  53  4:56  SCV, Marine x2  
  53  4:57  SCV  
  57  5:08  SCV  
  57  5:09  SCV  
  57  5:13  Supply Depot  
  59  5:17  Raven  
  59  5:20  SCV  
  63  5:21  SCV  
  63  5:24  Siege Tank  
  66  5:32  SCV  
  66  5:33  SCV  
  68  5:36  Supply Depot  
  68  5:43  Command Center  
  68  5:44  SCV  
  69  5:52  SCV  
  69  5:56  SCV  
  73  5:58  Supply Depot, Siege Tank  
  74  6:07  Barracks  
  74  6:08  SCV x2  
  74  6:09  Barracks, Starport Reactor  
  76  6:18  Marine  
  76  6:19  Stimpack  
  76  6:20  SCV  
  76  6:21  SCV, Supply Depot  
  79  6:32  SCV  
  78  6:33  SCV, Siege Tank  
  78  6:36  Marine, Engineering Bay  
  83  6:41  Engineering Bay  
  83  6:45  SCV x2  
  85  6:47  Refinery  
  85  6:54  Marine  
  85  6:56  Starport Reactor  
  85  6:57  SCV x2  
  85  6:58  Marine x2  
  90  7:02  Supply Depot  
  90  7:09  SCV x2, Terran Infantry Weapons Level 1, Terran Infantry Armor Level 1  
  90  7:11  Marine, Supply Depot  
  90  7:13  Orbital Command  
  93  7:18  Marine x3  
  93  7:21  SCV x2  
  93  7:22  Marine  
  99  7:29  Marine  
  98  7:33  SCV x2  
  98  7:36  Marine x3  
  103  7:38  Medivac  
  103  7:39  Marine  
  103  7:40  Medivac  
  108  7:44  SCV  
  108  7:45  SCV  
  108  7:46  SCV  
  108  7:47  Marine  
  112  7:52  Barracks  
  112  7:54  Barracks  
  112  7:55  Siege Tank  
  112  7:56  SCV  
  112  7:58  SCV  
  116  7:59  SCV  
  116  8:03  Marine x3  
  116  8:04  Marine  
  116  8:05  Marine  
  122  8:08  Armory  
  122  8:09  SCV  
  122  8:10  SCV  
  122  8:12  SCV  
  125  8:21  SCV  
  125  8:22  SCV  
  125  8:24  SCV, Refinery  
  125  8:25  Supply Depot, Refinery  
  127  8:27  Supply Depot, Marine x3, Siege Tank  
  127  8:31  Medivac x2, Marine x2  
  127  8:33  SCV  
  141  8:34  SCV  
  141  8:38  Supply Depot  
  141  8:41  Barracks Reactor  
  141  8:42  SCV, Barracks Reactor  
  141  8:45  SCV  
  141  8:46  SCV  
  141  8:47  Marine x3  
  145  8:49  Marine x2  
  143  8:58  Terran Vehicle Weapons Level 1  
  143  8:59  Supply Depot, Siege Tank  
  146  9:04  Combat Shield  
  146  9:05  Marine  
  146  9:07  Marine x4  
  142  9:17  SCV x3  
  142  9:22  Sensor Tower  
  142  9:23  Marine  
  146  9:26  Marauder, Command Center, Terran Infantry Armor Level 2  
  146  9:27  Terran Infantry Weapons Level 2  
  146  9:31  Marine x5, Siege Tank  
  150  9:32  Marine  
  150  9:33  Marine  
  158  9:47  Marauder  
  158  9:50  Marine x2  
  158  9:51  Marine x6  
  163  10:03  Siege Tank  
  166  10:07  Medivac x2  
  166  10:08  Marine x4  
  166  10:09  Marine x4  
  166  10:12  SCV x3  
  180  10:22  Command Center, Marine  
  180  10:26  Marine  
  181  10:29  Marine  
  181  10:32  Marine x5, Supply Depot x2  
  181  10:33  Barracks  
  181  10:34  Barracks  
  181  10:35  Factory  
  186  10:36  Barracks  
  186  10:37  Medivac, Barracks Reactor  
  186  10:40  Marine  
  189  10:46  Sensor Tower  
  189  10:53  Medivac, Terran Vehicle Weapons Level 2, Factory, Marine x5  
  196  11:02  Siege Tank  
  197  11:04  Marine x3  
  198  11:34  Command Center  
  198  11:35  Command Center  
  198  11:36  Command Center  
  198  11:37  Missile Turret, Planetary Fortress  
  198  11:38  Barracks Reactor  
  198  11:39  Barracks Reactor x2  
  198  11:57  Marine  
  198  11:58  Marine  
  198  12:02  Command Center  
  198  12:05  Marine x2  
  198  12:07  Siege Tank  
  198  12:08  Marine x5  
  172  12:09  Marine  
  172  12:15  Marine x2  
  154  12:16  Marine x5  
  154  12:17  Marine  
  154  12:18  SCV x2  
  154  12:22  Marine  
  162  12:23  Marine  
  164  12:30  SCV x2  
  165  12:38  Marine, Siege Tank  
  165  12:39  Marine x9, Siege Tank  
  181  12:45  Marine  
  182  13:02  Marine x10  
  192  13:10  Siege Tank  
  192  13:11  Siege Tank  
  195  13:22  Marine  
  195  13:23  Marine x3  
  195  13:26  Marine x3  
  175  13:28  Marine  
  176  13:36  Marine x4, Planetary Fortress  
  175  13:42  Siege Tank  
  175  13:43  Marine, Siege Tank  
  175  13:46  Marine x3  
  175  13:48  Marine  
  179  13:51  Marine  
  179  13:53  Medivac  
  179  13:54  Marine  
  177  14:13  Marine  
  177  14:14  Siege Tank  
  177  14:15  Marine x3, Siege Tank  
  177  14:16  Marine x2  
  138  14:18  Marine  
  138  14:20  Marine x3  
  138  14:21  Marine  
  138  14:22  Marine x2  
  133  14:33  Marine x2  
  135  14:41  Marine  
  135  14:44  Marine x3  
  137  14:46  Siege Tank  
  137  14:47  Siege Tank  
  137  14:48  Marine  
  137  14:50  Marine  
  137  14:51  Marine x5  
  137  14:52  Medivac x2  
  149  14:55  Marine  
  149  14:58  Orbital Command  
  150  15:05  Marine x3  
  150  15:12  Marine  
  150  15:13  Marine x5  
  150  15:18  Siege Tank  
  153  15:22  Medivac x2  
  153  15:26  Marine x5  
  162  15:32  Marine  
  162  15:33  Marine  
  162  15:35  Siege Tank  
  144  15:36  Marine  
  143  15:47  Marine  
  133  15:56  Medivac x2  
  137  16:02  Marine  
  137  16:03  Marine x5  
  143  16:04  Marine  
  143  16:07  Marine x2  
  143  16:08  Marine  
  143  16:09  Marine  
  148  16:14  Marine x4  
  151  16:27  Marine  
  151  16:28  Marine x3  
  151  16:34  Marine  
  151  16:35  Marine  
  151  16:36  Siege Tank  
  140  16:40  Marine  
  140  16:42  Marine x8  
  140  16:43  Siege Tank  
  140  16:45  Marine  
  142  16:49  Marine  
  130  16:56  Marine  
  130  16:57  Marine  
  130  16:58  Marine x4  
  130  17:00  Marine  

Tags
 
Add a new tag
Caveats
  • Supply blocks, unpowered buildings, or Contaminate may cause inaccurate times.
  • Supply counts are checked every 10 seconds.